 Dungeon Crawl Stone Soup version 0.29-a0-542-g075992c915 (webtiles) character file.

Game seed: 6935677718906553847

32 oldriver the Sneak (level 3, -10/31 HPs)
             Began as a Palentonga Delver on June 4, 2022.
             Mangled by a mummy (13 damage)
             ... in an ossuary.
             The game lasted 00:00:33 (78 turns).

oldriver the Sneak (Palentonga Delver)                Turns: 78, Time: 00:00:33

Health: -10/31     AC:  4    Str: 17    XL:     3   Next: 10%
Magic:  3/3        EV:  9    Int: 10    God:
Gold:   0          SH:  0    Dex: 11    Spells: 2/2 levels left

rFire   . . .      SeeInvis +   a - +0 hand axe
rCold   . . .      Faith    .   (no shield)
rNeg    . . .      Spirit   .   b - +0 leather armour
rPois   .          Reflect  .   (no helmet)
rElec   .          Harm     .   (no cloak)
rCorr   .          Rampage  .   (no gloves)
Will    .....                   (no barding)
Stlth   ++........              (no amulet)
HPRegen 0.10/turn               (no ring)
MPRegen 0.08/turn               (no ring)

@: no status effects
A: large, rugged brown scales 3, see invisible, deformed body, roll 1, armoured
tail
a: Rolling Charge


You were in an ossuary.
You visited 1 branch of the dungeon, and saw 1 of its levels.
You also visited: Ossuary.

Inventory:

Hand Weapons
 a - a +0 hand axe (weapon)
Armour
 b - a +0 leather armour (worn)
Wands
 g - a wand of digging (3)
Scrolls
 c - a scroll of fog
 d - a scroll of identify {unknown}
 e - a scroll of fear
 f - a scroll of blinking {unknown}


   Skills:
 + Level 3.3 Fighting
 + Level 2.4 Axes
 + Level 2.0 Dodging
 + Level 3.5 Stealth


You had 2 spell levels left.
You didn't know any spells.
Your spell library was empty.

Dungeon Overview and Level Annotations

Branches:
Dungeon (5/15)            Ossuary (1/1)
 Temple: D:4-7

Altars:


Innate Abilities, Weirdness & Mutations

You are completely covered in rugged brown scales. (AC +3, +7% HP)
You have supernaturally acute eyesight. (SInv)
Armour fits poorly on your strangely shaped body.
You can roll at nearby foes to attack.
You have a long armoured tail.


Message History

You hit the centaur zombie.
The centaur zombie is heavily damaged.
The centaur zombie hits you.
The centaur zombie kicks you but does no damage.
The centaur zombie hits you.
* * * LOW HITPOINT WARNING * * *
The centaur zombie kicks you but does no damage.
You aren't carrying any potions.
You hit the centaur zombie. You tail-slap the centaur zombie!
The centaur zombie is almost destroyed.
The centaur zombie hits you but does no damage.
The centaur zombie kicks you.
* * * LOW HITPOINT WARNING * * *
You hit the centaur zombie.
You destroy the centaur zombie!
Your Dodging skill increases to level 2!
You have reached level 2!
You have reached level 3!
Your experience leads to an increase in your attributes!
Increase (S)trength, (I)ntelligence, or (D)exterity?
You feel stronger. x2
Okay, then.
You are too injured to fight recklessly!
Roll where?
Press: ? - help, Dir - move target, f - mummy
Aim: a mummy You roll forward with a clatter of scales!
You hit the mummy.
Your tail-slap misses the mummy.
The mummy is moderately damaged.
The mummy closely misses you.
You completely miss the mummy.
You tail-slap the mummy, but do no damage.
The mummy is moderately damaged.
You hit the mummy but do no damage.
Your tail-slap misses the mummy.
The mummy is moderately damaged.
The mummy barely misses you.
You hit the mummy.
The mummy is heavily damaged.
The mummy hits you!
You die...

#+# ###.### ####
##.....## #Z..##
#.......# .....#
##...∩...###.....##
+...∩∩∩..@MZZ.....#
##...∩...###Z....##
#.......# .....#
##.....## #Z..##
###.### #### #+#


You could see a mummy, an elf zombie, a centaur zombie and a human zombie.

Vanquished Creatures
  A centaur zombie (Ossuary)
1 creature vanquished.

Notes
Turn   | Place    | Note
-------+----------+-------------------------------------------
     0 | D:5      | oldriver the Palentonga Delver began the quest for the Orb.
     0 | D:5      | Reached XP level 1. HP: 19/19 MP: 1/1
     5 | D:5      | Noticed a howler monkey
    40 | D:5      | Found a sand-covered staircase.
    45 | Ossuary  | Entered an ossuary
    75 | Ossuary  | Reached XP level 2. HP: 2/25 MP: 2/2
    75 | Ossuary  | Reached XP level 3. HP: 2/31 MP: 3/3
    78 | Ossuary  | Mangled by a mummy

Illustrated notes

Levels and vault maps discovered:
D:5:      layout_cave_pools, lightli_ossuary_entry_decrepit_ruins,
          chequers_big_river, uniq_sigmund, uniq_menkaure, uniq_edmund,
          uniq_prince_ribbit1, uniq_ijyb
Ossuary:  ossuary_minmay_four_chambers

Skill      XL: |  1 |
---------------+----+-----
Dodging        | 2 |  2.0
Fighting       | |  3.3
Axes           | |  2.4
Stealth        | |  3.5

Action                   || total
-------------------------++-------
Melee: Hand axe          ||    12
       Tailslap          ||     4
 Abil: Rolling Charge    ||     1
  Use: Scroll            ||     1
       Potion            ||     1
Armor: Leather armour    ||    15
Dodge: Dodged            ||     4

Table legend: (Time is in decaauts)
 A = Elapsed time spent in this place.
 B = Non-inter-level travel time spent in this place.
 C = Inter-level travel time spent in this place.
 D = Time resting spent in this place.
 E = Time spent auto-exploring this place.
 F = Levels seen in this place.
 G = Mean time per level.
                   A        B        C        D        E       F      G
               +--------+--------+--------+--------+--------+-----+--------+
         Total |     63 |     63 |      0 |      7 |      0 |   2 |   31.5 |
       Dungeon |     34 |     34 |      0 |      0 |      0 |   1 |   34.0 |
       Ossuary |     29 |     29 |      0 |      7 |      0 |   1 |   29.0 |
               +--------+--------+--------+--------+--------+-----+--------+

Top non-repeatable levels by time:
     D:5: 34 daAuts
 Ossuary: 29 daAuts
